 Dungeon Crawl Stone Soup version 0.31.0-32-g396128a36d (webtiles) character file.

Game seed: 16870953954360155058

74 H0rd4k the Insei (level 4, -4/29 HPs)
             Began as an Octopode Artificer on Mar 12, 2024.
             Slain by Terence
             ... wielding a +0 mace
              (10 damage)
             ... on level 2 of the Dungeon.
             The game lasted 00:01:04 (1464 turns).

H0rd4k the Insei (Octopode Artificer)               Turns: 1464, Time: 00:01:04

Health: -4/29      AC:  1    Str: 11    XL:     4   Next: 30%
Magic:  4/4        EV: 13    Int: 15    God:
Gold:   85         SH:  0    Dex: 12    Spells: 3/3 levels left

rFire   . .          .
                       - Unarmed
rCold   . . .        (no shield)
rNeg    . . .        (helmet restricted)
rPois   .            (no amulet)
rElec   .            (no ring)
rCorr   .            (no ring)
SInv    .            (no ring)
Will    .....        (no ring)
Stlth   +++          (no ring)
HPRegen 0.24/turn    (no ring)
MPRegen 0.09/turn    (no ring)
                     (no ring)

%: no passive effects
@: no status effects
A: almost no armour, amphibious, 8 rings, camouflage 1, gelatinous body 1,
(nimble swimmer 1), tentacles
a: no special abilities


You were on level 2 of the Dungeon.
You visited 1 branch of the dungeon, and saw 2 of its levels.

You collected 85 gold pieces.

Inventory:

Wands
 b - a wand of flame (14) (quivered)
 c - a wand of charming (13)
 d - a wand of iceblast (5)
Scrolls
 a - a scroll of teleportation {unknown}
 e - a scroll of silence {unknown}
 f - 4 scrolls of identify {unknown}
 g - 2 scrolls of revelation {unknown}
 h - a scroll of noise {unknown}
 j - a scroll of enchant armour {unknown}
 l - a scroll of fog {unknown}
 m - a scroll of vulnerability {unknown}
 n - a scroll of blinking {unknown}
 p - a scroll of immolation {unknown}
Potions
 i - a potion of might {unknown}
 k - a potion of brilliance {unknown}
 o - a potion of cancellation {unknown}


   Skills:
 + Level 1.6 Fighting
 - Level 2.3 Dodging
 - Level 1.3 Stealth
 + Level 3.4 Unarmed Combat
 - Level 3.2 Evocations


You had 3 spell levels left.
You didn't know any spells.
Your spell library was empty.

Dungeon Overview and Level Annotations

Branches:
Dungeon (2/15)

Altars:

Annotations:
D:2 1 runed translucent door, Crazy Yiuf, Terence


Innate Abilities, Weirdness & Mutations

You cannot wear most types of armour.
You are amphibious.
You can wear up to eight rings at the same time.
Your skin changes colour to match your surroundings (Stealth+).
Your rubbery body absorbs attacks. (AC +1, EV +1)
((You are camouflaged when in or above water. (Stealth+)))
You have tentacles for arms and can constrict up to eight enemies at once.


Message History

You constrict Terence. Terence closely misses you.
You release your grip on Terence.
Terence attacks as he pursues you! Terence closely misses you.
The frilled lizard attacks as it pursues you!
The frilled lizard barely misses you.
The frilled lizard attacks as it pursues you!
The frilled lizard completely misses you.
Terence attacks as he pursues you! Terence hits you with a +0 mace.
The frilled lizard attacks as it pursues you!
The frilled lizard closely misses you. Terence attacks as he pursues you!
Terence barely misses you.
You barely miss the frilled lizard. Your grab misses the frilled lizard.
The frilled lizard misses you.
You closely miss the frilled lizard. Your grab misses the frilled lizard.
The frilled lizard closely misses you. Terence says, "Did you write a will?
You should..."
You tentacle-slap the frilled lizard.
You kill the frilled lizard!
Aiming: Charm
Press: ? - help, Shift-Dir - straight line, f - Terence
Aim: Terence, wielding a +0 mace and wearing a +0 chain mail (moderately wounded, chance to affect: 66%) Terence struggles to resist.
Terence barely misses you.
Unknown command.
You tentacle-slap Terence but do no damage.
Your grab misses Terence.
Terence is moderately wounded.
Terence misses you.
You tentacle-slap Terence but do no damage.
You grab Terence. You squeeze Terence.
Terence is heavily wounded.
You constrict Terence, but do no damage.
Terence hits you with a +0 mace!
* * * LOW HITPOINT WARNING * * *
Aiming: Charm
Press: ? - help, Shift-Dir - straight line, f/p - Terence
Aim: Terence, wielding a +0 mace and wearing a +0 chain mail (heavily wounded, constricted by you, chance to affect: 66%) Terence struggles to resist.
You constrict Terence. Terence hits you with a +0 mace!
You die...
Terence says, "Rest in peace."

#..#.......#.#.......#.#.
#.##..#.#.......#.#......
#.#.......#...#.....#...#
#...##.#....#....#....#..
###.#.....#...#.....#...#
#...#.#.......#.#......
##.......#.#.......#.#.
#.#...#.....#...#.....
#...#@@..#.$..#..
#.#...#.....#...#
#.....[.#.#......
##.#.#.......#.#.
#.....#...#.....
##.#....#....#..
#....#...#.....
##.#.......#.#.
#...##..).....


You could see Terence.

Vanquished Creatures
  2 adders (D:2)
  A ribbon worm (D:2)
  A dart slug (D:1)
  4 ball pythons (D:1)
  5 bats (D:1)
  8 endoplasms
  3 giant cockroaches
  2 goblins (D:2)
  3 hobgoblins
  6 jackals
  3 kobolds (D:1)
  2 quokkas
  3 frilled lizards
  4 rats
47 creatures vanquished.

Notes
Turn   | Place    | Note
-------+----------+-------------------------------------------
     0 | D:1      | H0rd4k the Octopode Artificer began the quest for the Orb.
     0 | D:1      | Reached XP level 1. HP: 13/13 MP: 1/1
    56 | D:1      | Reached skill level 1 in Unarmed Combat
    62 | D:1      | Reached XP level 2. HP: 14/18 MP: 2/2
   425 | D:1      | Reached XP level 3. HP: 23/23 MP: 3/3
   953 | D:2      | Reached XP level 4. HP: 26/28 MP: 4/4
  1240 | D:2      | Found a runed translucent door.
  1241 | D:2      | Noticed Crazy Yiuf
  1446 | D:2      | Noticed Terence
  1464 | D:2      | Slain by Terence

Illustrated notes

Levels and vault maps discovered:
D:1:      shiori_arrival_maze, layout_basic
D:2:      layout_loops_ring, nicolae_kite_square_tiling_tiny, minmay_domino_2,
          uniq_terence, uniq_crazy_yiuf_cottage

Skill      XL: |  1  2  3 |
---------------+----------+-----
Unarmed Combat | 1 2 3 |  3.4
Fighting       | |  1.6
Dodging        | |  2.3
Stealth        | |  1.3
Evocations     | |  3.2

Action                     |  1- 3 |  4- 6 || total
---------------------------+-------+-------++-------
  Melee: Unarmed           |    81 |    27 ||   108
         Tentacles         |    13 |     5 ||    18
         Constrict         |    20 |     7 ||    27
         Punch             |     2 |     1 ||     3
  Evoke: Wand              |     1 |     2 ||     3
   Stab: Sleeping          |    12 |     2 ||    14
 Armour: Skin              |    29 |     9 ||    38
  Dodge: Dodged            |    46 |    21 ||    67
